 Dungeon Crawl Stone Soup version 0.30-a0-913-g9934a0c (webtiles) character file.

Game seed: 17712776345058997439

7217 Illumine the Carver (level 11, -2/58 HPs)
             Began as a Vine Stalker Fighter on Mar 19, 2023.
             Was a Believer of Wu Jian.
             Slain by a gargoyle
             ... wielding a +1 mace of protection
              (9 damage)
             ... on level 11 of the Dungeon.
             The game lasted 00:17:54 (8533 turns).

Illumine the Carver (Vine Stalker Fighter)          Turns: 8533, Time: 00:17:54

Health: -2/58      AC: 13    Str: 18    XL:     11   Next: 11%
Magic:  0/24       EV: 13    Int:  8    God:    Wu Jian [**....]
Gold:   505        SH:  6    Dex: 19    Spells: 24/26 levels left

rFire   . . .      SeeInvis +    H - +2 scimitar
rCold   + . .      Faith    .    c - +0 buckler
rNeg    . . .      Spirit   +    F - quicksilver dragon scales
rPois   .          Reflect  .    t - +0 helmet
rElec   +          Rampage  +    (no cloak)
rCorr   .                        n - +0 pair of gloves
Will    +++..                    (no boots) Stlth
                                 O - amulet of the Barnacled God {Rampage rElec rC+ Regen+ Stlth-}
HPRegen 1.89/turn                e - ring of see invisible
MPRegen 0.19/turn                q - ring of willpower

@: no status effects
A: fangs 3, regeneration 1, magic shield, antimagic bite, no potion heal 2
a: Renounce Religion, Wall Jump


You were on level 11 of the Dungeon.
You worshipped Wu Jian.
Wu Jian was pleased with you.
You visited 2 branches of the dungeon, and saw 12 of its levels.

You collected 570 gold pieces.
You spent 65 gold pieces at shops.

Inventory:

Hand Weapons
 a - a +0 long sword
 u - a +2 dagger of holy wrath
 B - a +0 arbalest
 H - a +2 scimitar (weapon)
 J - the +7 staff of the Meek {protect, meekguard}
   (You found it on level 6 of the Dungeon)
 K - a +3 short sword
 N - a +3 dagger of freezing
 S - a +1 short sword of holy wrath
Missiles
 k - 4 javelins
 Q - 18 poisoned darts (quivered)
Armour
 c - a +0 buckler (worn)
 n - a +0 pair of gloves (worn)
 t - a +0 helmet (worn)
 F - quicksilver dragon scales (worn)
Jewellery
 e - a ring of see invisible (left hand)
 q - a ring of willpower (right hand)
 y - an amulet of the acrobat
 O - the amulet of the Barnacled God (around neck) {Rampage rElec rC+ Regen+ Stlth-}
   (You acquired it on level 9 of the Dungeon)

   [amulet of regeneration]

   rC:        It protects you from cold.
   rElec:     It insulates you from electricity.
   Regen:     It increases your rate of health regeneration.
   Rampage:   It bestows one free step when moving towards enemies.
   Stlth:     It makes you less stealthy.
 T - a ring of magical power
Wands
 C - a wand of light (2)
 P - a wand of flame (9)
Scrolls
 b - a scroll of blinking
 g - 2 scrolls of fear
 h - a scroll of torment
 o - 2 scrolls of magic mapping
 p - 2 scrolls of fog
 v - 4 scrolls of amnesia
 w - 10 scrolls of teleportation
 E - a scroll of brand weapon
 G - 2 scrolls of enchant armour
 I - a scroll of vulnerability
 L - 3 scrolls of poison
 R - 2 scrolls of enchant weapon
Potions
 d - a potion of might
 f - a potion of attraction
 i - a potion of resistance
 j - 6 potions of curing
 l - a potion of magic
 m - 2 potions of heal wounds
 r - a potion of berserk rage {unknown}
 s - 2 potions of lignification
 x - a potion of invisibility {unknown}
 z - a potion of cancellation {unknown}
 A - 3 potions of brilliance
 D - a potion of haste


   Skills:
 + Level 6.5 Fighting
 * Level 8.5 Long Blades
 + Level 1.2 Ranged Weapons
 + Level 5.8 Armour
 + Level 4.9 Dodging
 - Level 4.0 Shields
 - Level 8.2 Spellcasting


You had 24 spell levels left.
You knew the following spells:

 Your Spells              Type           Power      Damage    Failure   Level
a - Blink                 Tloc           6%         N/A       54%         2

Your spell library contained the following spells:

 Spells                   Type           Power      Damage    Failure   Level
 Lesser Beckoning         Tloc           6%         N/A       54%         2
 Momentum Strike          Conj/Tloc      6%         3d8       54%         2
 Inner Flame              Hex/Fire       3%         N/A       77%         3
 Flame Wave               Conj/Fire      3%         2d5       99%         4
 Sticky Flame             Conj/Fire      3%         2d3       99%         4


Dungeon Overview and Level Annotations

Branches:
Dungeon (11/15)            Temple (1/1) D:7
   Lair: D:8-11         Orc: D:9-12

Altars:
Ashenzari
Cheibriados
Dithmenos
Elyvilon
Fedhas
Gozag
Hepliaklqana
Kikubaaqudgha
Makhleb
Nemelex Xobeh
Okawaru
Qazlal
Ru
Sif Muna
Trog
Uskayaw
Vehumet
Wu Jian
Xom
Yredelemnul
Zin
The Shining One

Shops:
D:2 ?   D:3 ?   D:5 =   D:11 [

Annotations:
D:4 3 runed translucent doors, AnyaLaVert's ghost, amateur HOFi


Innate Abilities, Weirdness & Mutations

You have razor-sharp teeth.
Your natural rate of healing is unusually fast.
When hurt, damage is shared between your health and your magic reserves.
Your bite disrupts and absorbs the magic of your enemies.
Potions cannot restore your health.


Message History

You hit the gargoyle but do no damage.
The gargoyle is heavily damaged.
The gargoyle hits you with a +1 mace of protection!
You hit the gargoyle but do no damage.
The gargoyle is heavily damaged.
The gargoyle hurls a stone arrow at you.
The stone arrow misses you.
You hit the gargoyle but do no damage.
The gargoyle is heavily damaged.
You closely miss the gargoyle.
You bite the gargoyle, but do no damage.
The gargoyle is heavily damaged.
The gargoyle hits you with a +1 mace of protection!
You hit the gargoyle. You freeze the gargoyle. Your bite misses the gargoyle.
The gargoyle is severely damaged.
The gargoyle hits you with a +1 mace of protection!!
You hit the gargoyle but do no damage. Your bite misses the gargoyle.
The gargoyle is severely damaged.
The gargoyle hits you but does no damage.
You hit the gargoyle but do no damage.
You bite the gargoyle, but do no damage.
The gargoyle is severely damaged.
The gargoyle hurls a stone arrow at you.
The stone arrow hits you!!
* * * LOW HITPOINT WARNING * * *
You hit the gargoyle but do no damage.
You bite the gargoyle, but do no damage.
The gargoyle is heavily damaged.
Your +3 dagger of freezing stops glowing.
H - a +2 scimitar (weapon)
The gargoyle hits you but does no damage.
You hit the gargoyle.
The gargoyle is severely damaged.
The gargoyle hits you with a +1 mace of protection!
* * * LOW HITPOINT WARNING * * *
You barely miss the gargoyle.
You bite the gargoyle, but do no damage.
The gargoyle is severely damaged.
The gargoyle hits you with a +1 mace of protection!
You die...

....... .......
.......#### ##
.......... .##
.........###..+
.....>....#..#
.......9..#.#
.......@...$#
............#
##+.#....<..#
#.......[.=#
#.####.....# ..
####### #


You could see a gargoyle.

Vanquished Creatures
  3 two-headed ogres
  An unseen horror (D:10)
  A troll (D:10)
  2 vampires
  A wyvern (D:10)
  A steam dragon (D:8)
  2 vampire mosquitoes (D:8)
  A water moccasin (D:7)
  3 orc warriors
  An ice beast (D:7)
  A black bear (D:6)
  A sky beast (D:7)
  2 centaurs
  3 kobold brigands
  A phantom (D:5)
  2 bullfrogs
  3 gnoll sergeants
  3 scorpions
  9 wights
  13 killer bees
  8 howler monkeys
  4 hounds
  3 jellies
  7 orc priests
  3 iguanas
  7 sleepcaps
  4 orc wizards
  Natasha (thrice) (D:3)
  Robin (D:2)
  17 gnolls
  7 adders
  A shadow imp (D:6)
  3 white imps
  An ufetubus (D:4)
  A dart slug (D:1)
  24 orcs
  5 endoplasms
  5 giant cockroaches (D:1)
  16 goblins
  9 hobgoblins
  3 jackals (D:3)
  4 quokkas
  7 ball pythons
  6 bats
  3 frilled lizards (D:1)
  16 kobolds
  4 rats
226 creatures vanquished.

Notes
Turn   | Place    | Note
-------+----------+-------------------------------------------
     0 | D:1      | Illumine the Vine Stalker Fighter began the quest for the
                  | Orb.
     0 | D:1      | Reached XP level 1. HP: 11/11 MP: 2/2
    30 | D:1      | Reached XP level 2. HP: 10/16 MP: 1/3
   358 | D:1      | Reached XP level 3. HP: 19/19 MP: 5/5
   370 | D:1      | Reached skill level 1 in Spellcasting
   625 | D:1      | Found a faded altar of an unknown god.
   808 | D:2      | Noticed Robin
  1080 | D:2      | Killed Robin
  1081 | D:2      | Gained mutation: Your natural rate of healing is unusually
                  | fast. [Vine Stalker growth]
  1081 | D:2      | Reached XP level 4. HP: 24/24 MP: 6/6
  1159 | D:2      | Found Upnuq's Magic Scroll Emporium.
  1170 | D:2      | Bought a scroll of teleportation for 39 gold pieces
  1170 | D:2      | Bought a scroll of identify for 26 gold pieces
  1260 | D:2      | You fall into a shaft and drop 1 floor!
  1334 | D:3      | Found Fykhukir's Magic Scroll Emporium.
  1510 | D:3      | Noticed Natasha
  1517 | D:3      | Killed Natasha
  1518 | D:3      | Reached XP level 5. HP: 21/28 MP: 6/8
  1732 | D:3      | Noticed Natasha
  1739 | D:3      | Killed Natasha
  1769 | D:3      | Reached skill level 1 in Dodging
  1821 | D:3      | Noticed Natasha
  1832 | D:3      | Killed Natasha
  1833 | D:3      | Reached XP level 6. HP: 17/32 MP: 4/10
  2159 | D:4      | Found a runed translucent gate.
  2160 | D:4      | Found a runed translucent gate.
  2161 | D:4      | Found a runed translucent gate.
  2724 | D:4      | Noticed AnyaLaVert's ghost (amateur HOFi)
  2844 | D:5      | Entered Level 5 of the Dungeon
  2991 | D:5      | Reached XP level 7. HP: 36/36 MP: 10/12
  3036 | D:5      | Found a white marble altar of Elyvilon.
  3302 | D:5      | Found Zolel's Jewellery Boutique.
  3496 | D:5      | Found a radiant altar of Vehumet.
  3600 | D:6      | Gained mutation: You have razor-sharp teeth. [Vine Stalker
                  | growth]
  3600 | D:6      | Reached XP level 8. HP: 40/42 MP: 12/14
  3856 | D:6      | Reached skill level 5 in Long Blades
  4303 | D:6      | Reached skill level 5 in Spellcasting
  4303 | D:6      | Reached XP level 9. HP: 45/46 MP: 14/17
  4314 | D:6      | Found the +7 staff of the Meek {protect, meekguard}
  4850 | D:7      | Reached skill level 5 in Fighting
  5038 | D:7      | Found a staircase to the Ecumenical Temple.
  5054 | Temple   | Entered the Ecumenical Temple
  5493 | Temple   | Became a worshipper of the Wu Jian Council
  5588 | D:7      | Found a stormy altar of Qazlal.
  5679 | D:7      | Found a hide-covered altar of Uskayaw.
  6246 | D:8      | Reached XP level 10. HP: 51/51 MP: 19/21
  6254 | D:8      | Reached skill level 5 in Armour
  6290 | D:8      | Reached * piety under Wu Jian
  6652 | D:8      | Noticed a two-headed ogre
  6665 | D:8      | HP: 2/51 [two-headed ogre/+0 giant club (10)]
  6666 | D:8      | Killed a two-headed ogre
  6964 | D:9      | Identified a scroll of acquirement
  6966 | D:9      | Acquired the amulet of the Barnacled God {Rampage rElec rC+
                  | Regen+ Stlth-}
  7321 | D:9      | Noticed a two-headed ogre
  7343 | D:9      | Killed a two-headed ogre
  7686 | D:10     | Entered Level 10 of the Dungeon
  7750 | D:10     | Noticed a two-headed ogre
  7769 | D:10     | Killed a two-headed ogre
  7854 | D:10     | Learned a level 2 spell: Blink
  7925 | D:10     | Reached ** piety under Wu Jian
  7936 | D:10     | Reached XP level 11. HP: 49/57 MP: 17/24
  8284 | D:10     | Reached skill level 1 in Ranged Weapons
  8346 | D:11     | Found Voocriuv's Antique Armour Shoppe.
  8364 | D:11     | HP: 1/58 [vampire (5)]
  8533 | D:11     | Slain by a gargoyle

Illustrated notes

Levels and vault maps discovered:
D:1:      dpeg_arrival_line_fractal, layout_basic,
          chequers_ecumenical_altar_twisty, minmay_tall_x
D:2:      layout_rooms, serial_shops, shop_scrolls, uniq_robin
D:3:      layout_rooms, serial_shops, nicolae_shop_waterfront,
          nicolae_concentric_dashed_squares_wild, hellmonk_no_cap, uniq_natasha
D:4:      layout_layer_cave, gammafunk_ghost_nasty_kobolds
D:5:      layout_basic, serial_shops, nicolae_take_the_stairs,
          hangedman_feature_mirror
D:6:      minmay_diamond_boxcup, layout_basic, pf_guarded_unrand_meek
D:7:      layout_basic, nicolae_uskayaw_suspiria, marbit_many_paths,
          minmay_temple_entry_junction
D:8:      layout_basic
D:9:      layout_basic
D:10:     layout_long_grid
D:11:     layout_roguey, lair_entry_dummy, orc_0_dummy, serial_shops,
          nicolae_shop_statue_plus, nicolae_stop_n_shop_1, nicolae_stop_n_shop_2
Temple:   mainiacjoe_temple_big_plus

Skill      XL: |  1  2  3  4  5  6  7  8  9 10 11 |
---------------+----------------------------------+-----
Long Blades    | 2 3 4 5 6 8 |  8.5
Spellcasting   | 1 2 3 5 6 8 |  8.2
Shields        | 3 4 |  4.0
Fighting       | 3 4 5 6 |  6.5
Dodging        | 1 2 3 4 |  4.9
Armour         | 3 4 5 |  5.8
Ranged Weapons | 1 |  1.2

Action                     |  1- 3 |  4- 6 |  7- 9 | 10-12 || total
---------------------------+-------+-------+-------+-------++-------
  Melee: Long sword        |    98 |   160 |   184 |       ||   442
         Bite              |    16 |    46 |   165 |   144 ||   371
         Short sword       |       |       |   243 |       ||   243
         Dagger            |       |       |     5 |   350 ||   355
         Scimitar          |       |       |       |     2 ||     2
  Throw: Dart              |       |       |       |     6 ||     6
Ability: Lunge             |       |       |     5 |     4 ||     9
         Whirlwind         |       |       |       |    16 ||    16
         Wall Jump         |       |       |       |     1 ||     1
  Evoke: Wand              |       |       |       |     2 ||     2
    Use: Scroll            |       |     2 |     9 |    11 ||    22
 Armour: Scale mail        |    55 |   107 |       |       ||   162
         Quicksilver drago |       |       |   172 |   105 ||   277
  Dodge: Dodged            |    53 |   101 |   203 |   180 ||   537
  Block: Buckler           |    27 |    45 |   120 |    88 ||   280

Table legend: (Time is in decaauts)
 A = Elapsed time spent in this place.
 B = Non-inter-level travel time spent in this place.
 C = Inter-level travel time spent in this place.
 D = Time resting spent in this place.
 E = Time spent auto-exploring this place.
 F = Levels seen in this place.
 G = Mean time per level.
                   A        B        C        D        E       F      G
               +--------+--------+--------+--------+--------+-----+--------+
         Total |   8555 |   8192 |    363 |    678 |   5477 |  12 |  712.9 |
       Dungeon |   8083 |   7808 |    275 |    678 |   5106 |  11 |  734.8 |
        Temple |    472 |    384 |     88 |      0 |    371 |   1 |  472.0 |
               +--------+--------+--------+--------+--------+-----+--------+

Top non-repeatable levels by time:
     D:1: 1057 daAuts
     D:8: 1017 daAuts
     D:6: 986 daAuts
     D:4: 922 daAuts
     D:7: 858 daAuts
    D:10: 760 daAuts
     D:5: 760 daAuts
     D:9: 733 daAuts
     D:3: 686 daAuts
  Temple: 472 daAuts
     D:2: 247 daAuts
    D:11: 52 daAuts
